 Dungeon Crawl Stone Soup version 0.23-a0-470-g6f7cfd9 (webtiles) character file.

213 Lavandula the Magician (level 5, 0/42 HPs)
             Began as a Naga Air Elementalist on Nov 26, 2018.
             Splashed by a jelly's acid (9 damage)
             ... on level 4 of the Dungeon.
             The game lasted 00:04:08 (888 turns).

Lavandula the Magician (Naga Air Elementalist)       Turns: 888, Time: 00:04:08

Health: 0/42       AC: -1    Str: 10    XL:     5   Next: 90%
Magic:  8/12       EV: 10    Int: 17    God:
Gold:   46         SH:  0    Dex: 11    Spells: 3/13 levels left

rFire    . . .     SeeInvis +   j - -2 spear (curse)
rCold    . . .     Gourm    .   (no shield)
rNeg     . . .     Faith    .   a - +0 robe
rPois    +         Spirit   .   (no helmet)
rElec    .         Reflect  .   (no cloak)
rCorr    .         Harm     .   (no gloves)
MR       .....                  (no barding)
Stlth    +++.......             (no amulet)
HPRegen  0.14/turn              f - ring of stealth
MPRegen  0.13/turn              (no ring)

@: corroded, very slightly contaminated, very slow
A: large, see invisible, deformed body, poison resistance, slowness 2, slow
metabolism 1, spit poison 1, AC +1
a: Spit Poison


You were on level 4 of the Dungeon.
You were not hungry.

You visited 1 branch of the dungeon, and saw 5 of its levels.

You collected 46 gold pieces.

Inventory:

Hand Weapons
 g - a +0 short sword
 j - a cursed -2 spear (weapon)
Armour
 a - a +0 robe (worn)
Jewellery
 f - a ring of stealth (left hand)
Scrolls
 b - a scroll of enchant armour {unknown}
 e - a scroll of immolation {unknown}
 h - 3 scrolls of enchant weapon {unknown}
 k - 2 scrolls of remove curse {unknown}
Potions
 d - a potion of mutation {unknown}
 i - a potion of brilliance {unknown}
 m - a potion of heal wounds {unknown}
Comestibles
 c - 2 rations
 l - a chunk of flesh


   Skills:
 - Level 1.5 Dodging
 - Level 3.0 Stealth
 - Level 4.7 Spellcasting
 - Level 1.0 Conjurations
 + Level 4.2 Air Magic


You had 3 spell levels left.
You knew the following spells:

 Your Spells              Type           Power        Failure   Level  Hunger
a - Shock                 Conj/Air       ##..         4%          1    None
b - Swiftness             Chrm/Air       ##......     10%         2    #......
c - Airstrike             Air            ###.......   26%         4    ####...
d - Static Discharge      Conj/Air       ##......     16%         3    ###....

Your spell library contained the following spells:

 Spells                   Type           Power        Failure   Level  Hunger
 Lightning Bolt           Conj/Air       ##........   80%         5    ######.


Dungeon Overview and Level Annotations

Branches:
Dungeon (5/15)
 Temple: D:4-7

Altars:

Annotations:
D:5 Prince Ribbit


Innate Abilities, Weirdness & Mutations

You cannot wear boots.
Your serpentine skin is tough. (AC +1)
You have supernaturally acute eyesight. (SInv)
Armour fits poorly on your strangely shaped body.
Your system is resistant to poisons. (rPois)
You cover ground very slowly.
You have a slow metabolism.
You can spit poison.


Message History

Aiming: Shock (safe; 4% risk of failure)
Press: ? - help, Shift-Dir - straight line The zap hits the jelly.
The jelly is heavily wounded.
The zap hits the jelly.
The jelly is severely wounded.
The jelly hits you.
You are splashed with acid!
The acid burns!
* * * LOW HITPOINT WARNING * * *
Casting: Shock (safe; 4% risk of failure)
Confirm with . or Enter, or press ? or * to list all spells.
Aiming: Shock (safe; 4% risk of failure)
Press: ? - help, Shift-Dir - straight line The zap hits the jelly.
The jelly is severely wounded.
The zap hits the jelly.
The jelly is almost dead.
The jelly hits you.
* * * LOW HITPOINT WARNING * * *
You are splashed with acid!
The acid burns!
You die...

...........# #....#..
>..........### ##+#######.†.[+..
##..##.###... ..............###
######.###..###+#....####........
........#..<....#....# #...)....
........#.......#....# +......†.
........#.......'....# #........
..####..##..#####....# #........
. ####..##..###.@J>.############'
#...........#.....#............
#...........'.....#............
##...###....#.....###'####.###.
#...###....#######....###'###.
.....#.......# #......#...(...
......#.......# #......#.......
......#.......# #......#.......
.... #.......# #......#.......


You could see a jelly.

Vanquished Creatures
  A scorpion (D:4)
  A howler monkey (D:4)
  An iguana (D:4)
  An orc wizard (D:4)
  2 worker ants (D:4)
  A hound skeleton (D:4)
  3 orcs
  A giant cockroach (D:2)
  2 goblins (D:1)
  3 hobgoblins
  2 jackals (D:3)
  A bat (D:1)
  A frilled lizard (D:2)
  2 kobolds
  3 rats
25 creatures vanquished.

Notes
Turn   | Place    | Note
-------+----------+-------------------------------------------
     0 | D:1      | Lavandula the Naga Air Elementalist began the quest for the
                  | Orb.
     0 | D:1      | Reached XP level 1. HP: 15/15 MP: 3/3
   191 | D:2      | Reached XP level 2. HP: 16/22 MP: 0/5
   289 | D:2      | Learned a level 2 spell: Swiftness
   390 | D:4      | Noticed a scorpion
   394 | D:4      | Killed a scorpion
   394 | D:4      | Reached XP level 3. HP: 24/28 MP: 2/8
   394 | D:4      | Reached XP level 4. HP: 31/36 MP: 2/9
   548 | D:4      | Reached XP level 5. HP: 26/42 MP: 3/12
   557 | D:4      | Learned a level 4 spell: Airstrike
   561 | D:4      | Learned a level 3 spell: Static Discharge
   815 | D:5      | Entered Level 5 of the Dungeon
   879 | D:5      | Noticed Prince Ribbit
   888 | D:4      | Splashed by a jelly's acid

Vault maps used:
D:1:      minmay_arrival_three_doors
D:3:      first_ration, uniq_natasha
D:4:      minmay_door_square, fedhas_bush_and_centaur_altar
D:5:      uniq_pikel, uniq_sigmund, uniq_prince_ribbit1, uniq_menkaure,
          uniq_blork_the_orc

Skill      XL: |  1  2  3  4  5 |
---------------+----------------+-----
Spellcasting   | 3 4 |  4.7
Air Magic      | 4 |  4.2
Dodging        | |  1.5
Stealth        | |  3.0
Conjurations   | |  1.0

Action                   |  1- 3 |  4- 6 || total
-------------------------+-------+-------++-------
Melee: Short sword       |     3 |       ||     3
       Spear             |       |    11 ||    11
 Cast: Shock             |    21 |    32 ||    53
 Abil: Spit Poison       |    13 |    12 ||    25
  Eat: Chunk             |       |     1 ||     1
Armor: Robe              |     4 |     2 ||     6
Dodge: Dodged            |    13 |    18 ||    31

Table legend:
 A = Non-vault XP
 B = Vault XP
 C = Vault XP percentage of total XP
 D = Non-vault monster count
 E = Vault monster count
 F = Vault count percentage of total count
                 A         B        C        D         E       F
            +---------+---------+-------+---------+---------+-------
      Total |     305 |       0 |   0.0 |      25 |       0 |   0.0
            +---------+---------+-------+---------+---------+-------
        D:1 |       5 |       0 |   0.0 |       3 |       0 |   0.0
        D:2 |       6 |       0 |   0.0 |       5 |       0 |   0.0
        D:3 |      13 |       0 |   0.0 |       7 |       0 |   0.0
        D:4 |     281 |       0 |   0.0 |      10 |       0 |   0.0
            +---------+---------+-------+---------+---------+-------
